 Dungeon Crawl Stone Soup version 0.27.0-1-g7a089689b8 (webtiles) character file.

Game seed: 13133941471922931178

5827 robertstho the Cleaver (level 10, -8/92 HPs)
             Began as a Pale Draconian Berserker on Aug 6, 2021.
             Was a High Priest of Trog.
             Mangled by a warg (13 damage)
             ... on level 9 of the Dungeon.
             The game lasted 00:10:35 (7952 turns).

robertstho the Cleaver (Pale Draconian Berserker)   Turns: 7952, Time: 00:10:35

Health: -8/92      AC:  9    Str: 29    XL:     10   Next: 51%
Magic:  10/10      EV: 12    Int:  7    God:    Trog [*****.]
Gold:   270        SH: 11    Dex: 11    Spells: 9/9 levels left

rFire    . . .     SeeInvis .   s - +0 war axe (venom)
rCold    . . .     Faith    .   f - +0 kite shield
rNeg     . . .     Spirit   .   (armour unavailable)
rPois    .         Reflect  .   (helmet restricted)
rElec    .         Harm     .   c - +0 cloak
rCorr    +         Rampage  .   (no gloves)
Will     .....                  A - +0 pair of boots
Stlth    ++........             j - amulet of regeneration
HPRegen  1.25/turn              e - +6 ring of strength
MPRegen  0.12/turn              t - ring of resist corrosion

@: marked, on berserk cooldown, slowed, very slow
A: breathe steam, AC +7, unfitting armour, cold-blooded, steam resistance
a: Breathe Steam, Renounce Religion, Berserk, Trog's Hand, Brothers in Arms


You were on level 9 of the Dungeon.
You worshipped Trog.
Trog was extremely pleased with you.
You visited 1 branch of the dungeon, and saw 9 of its levels.

You collected 633 gold pieces.
You spent 363 gold pieces at shops.

Inventory:

Hand Weapons
 s - a +0 war axe of venom (weapon)
 D - a +2 broad axe of flaming
Missiles
 u - 6 throwing nets (quivered)
Armour
 c - a +0 cloak (worn)
 f - a +0 kite shield (worn)
 A - a +0 pair of boots (worn)
Jewellery
 b - an amulet of guardian spirit
 e - a +6 ring of strength (left hand)
 j - an amulet of regeneration (around neck)
 o - a ring of ice
 t - a ring of resist corrosion (right hand)
 F - a +6 ring of strength
Wands
 w - a wand of flame (16)
 y - a wand of paralysis (29)
 C - a wand of polymorph (9)
 E - a wand of charming (10)
 G - a wand of acid (11)
Scrolls
 a - a scroll of immolation
 g - 5 scrolls of fog
 i - 3 scrolls of teleportation
 k - 2 scrolls of enchant weapon
 l - 2 scrolls of magic mapping
Potions
 d - 2 potions of lignification {unknown}
 h - 3 potions of curing {unknown}
 m - 2 potions of berserk rage {unknown}
 n - a potion of haste
 p - a potion of brilliance {unknown}
 q - 2 potions of heal wounds {unknown}
 r - a potion of flight {unknown}
 v - a potion of invisibility {unknown}
 x - a potion of might {unknown}
 z - a potion of resistance {unknown}
 B - a potion of attraction {unknown}


   Skills:
 * Level 9.7 Fighting
 + Level 10.6 Axes
 + Level 6.1 Dodging
 + Level 3.4 Stealth
 + Level 5.3 Shields


You had 9 spell levels left.
You didn't know any spells.
Your spell library was empty.

Dungeon Overview and Level Annotations

Branches:
Dungeon (9/15)             Temple (0/1) D:7
   Lair: D:8-11         Orc: D:9-12

Altars:
Fedhas
Nemelex Xobeh
Sif Muna
Uskayaw
Zin

Shops:
D:1 =?   D:2 [   D:7 (

Annotations:
D:7 3 runed translucent doors 268 broad axe flaming, Maggie; SkeletonJelly's ghost, novice MiMo
D:9 Erolcha


Innate Abilities, Weirdness & Mutations

You can breathe blasts of scalding, opaque steam.
Your pale cyan-grey scales are hard. (AC +7)
You cannot fit into any form of body armour.
You are cold-blooded and may be slowed by cold attacks.
You are immune to the effects of steam.


Message History

A warg is nearby!
A warg is nearby!
A warg is nearby!
You feel your anger nearly subside.
A warg comes into view.
You are no longer berserk.
You are exhausted.
You feel yourself slow down.
You closely miss the warg. You block the warg's attack. The warg bites you.
A warg comes into view.
You block the warg's attack.
You slash the warg!
The warg is poisoned.
The warg is moderately wounded.
You hit the warg. You block the warg's attack. The warg bites you!
You block the warg's attack. The warg bites you.
* * * LOW HITPOINT WARNING * * *
The warg closely misses you.
You closely miss the warg.
Your tail-slap misses the warg.
The warg is heavily wounded.
You hit the warg. You block the warg's attack. The warg barely misses you.
An orc comes into view. It is wielding a +0 club.
You block the warg's attack. The warg bites you.
* * * LOW HITPOINT WARNING * * *
The warg closely misses you.
Erolcha the Cunning comes into view.
She is wielding a +0 giant club.
You block the warg's attack. x2; The warg closely misses you.
Erolcha mumbles some strange words.
Erolcha flickers and vanishes!
Deactivating autopickup; reactivate with Ctrl-A.
The warg bites you!
* * * LOW HITPOINT WARNING * * *
An orc priest comes into view. It is wielding a +0 mace.
You block the warg's attack.
The orc priest invokes the aid of Beogh against you.
Beogh smites you!
* * * LOW HITPOINT WARNING * * *
You block the warg's attack.
You are no longer corroded.
The warg bites you!
You die...

#[#.##.# #.#.##.#
########.#.##.#######
...........##........
..###########.#######
.....# #.......# ..##.#
#.#####.# ..##.#####.#
#.# ...........# #@#
........##.# #h#
.........#.#####h#
.###.##..#......h# # .
.#
#.##..####.##o#####.#..
.# #.##..#
#)...o......... ..
≈≈≈≈... #..##..........
.
###≈...##..##..........
.##..###.#.###...


You could see 3 wargs, an orc priest and an orc.

Vanquished Creatures
  Harold (D:9)
  A cyclops (shapeshifter) (D:8)
  A komodo dragon (D:7)
  A hornet (D:7)
  A troll (D:9)
  A wraith (D:8)
  2 yaks
  4 steam dragons
  An acid dragon (D:8)
  A water moccasin (D:5)
  A sky beast (D:8)
  An orc warrior (D:9)
  2 black bears
  A necrophage (D:5)
  An ogre (D:6)
  A centaur (D:8)
  A phantom (D:5)
  2 kobold brigands (D:8)
  3 bullfrogs (D:8)
  Blork the orc (D:4)
  A gnoll sergeant (D:9)
  A water moccasin zombie (D:6)
  A scorpion (D:5)
  A water moccasin skeleton (D:5)
  A killer bee (D:8)
  9 wights
  3 howler monkeys (D:8)
  A gnoll shaman (D:5)
  4 hounds
  A jelly (D:4)
  2 centaur zombies
  4 centaur skeletons
  4 iguanas
  6 orc priests
  6 orc wizards
  A howler monkey zombie (D:9)
  Robin (D:3)
  12 gnolls
  4 adders
  A shadow imp (D:7)
  3 white imps
  2 ufetubi
  3 worms
  A dart slug (D:3)
  24 orcs
  7 ball pythons
  6 endoplasms
  2 giant cockroaches (D:3)
  12 goblins
  6 hobgoblins
  3 jackals (D:3)
  3 quokkas
  14 frilled lizards
  9 kobolds
  2 rats (D:1)
189 creatures vanquished.

Vanquished Creatures (others)
  5 plants
5 creatures vanquished.

Grand Total: 194 creatures vanquished

Notes
Turn   | Place    | Note
-------+----------+-------------------------------------------
     0 | D:1      | robertstho the Draconian Berserker began the quest for the
                  | Orb.
     0 | D:1      | Reached XP level 1. HP: 19/19 MP: 1/1
    14 | D:1      | Found a faded altar of an unknown god.
   121 | D:1      | Found Plog's Jewellery Emporium.
   134 | D:1      | Reached XP level 2. HP: 14/26 MP: 2/2
   553 | D:1      | Found Malix's Magic Scroll Boutique.
   557 | D:1      | Bought a scroll of identify for 20 gold pieces
   581 | D:1      | Reached ** piety under Trog
  1062 | D:2      | Found Tepsi's Armour Emporium.
  1070 | D:2      | Reached XP level 3. HP: 31/33 MP: 1/3
  1703 | D:1      | Bought a scroll of magic mapping for 35 gold pieces
  1866 | D:3      | Noticed Robin
  1875 | D:3      | Killed Robin
  1882 | D:3      | Reached XP level 4. HP: 40/40 MP: 4/4
  1902 | D:3      | Reached skill level 4 in Axes
  2375 | D:3      | Found a blossoming altar of Fedhas.
  2815 | D:4      | Reached skill level 1 in Shields
  2815 | D:4      | Reached XP level 5. HP: 32/46 MP: 2/5
  2956 | D:1      | Bought 2 scrolls of fog for 40 gold pieces
  3654 | D:4      | Noticed a black bear
  3665 | D:4      | Killed a black bear
  3666 | D:4      | Reached XP level 6. HP: 28/53 MP: 2/6
  3886 | D:4      | Found a hide-covered altar of Uskayaw.
  3906 | D:4      | Noticed Blork the orc
  3920 | D:4      | Killed Blork the orc
  3921 | D:4      | Reached skill level 5 in Axes
  3921 | D:4      | Reached skill level 1 in Stealth
  4269 | D:4      | Reached *** piety under Trog
  4641 | D:5      | Entered Level 5 of the Dungeon
  4728 | D:5      | Reached skill level 5 in Fighting
  4743 | D:5      | Your scales start taking on a pale cyan-grey colour.
  4743 | D:5      | Reached XP level 7. HP: 45/61 MP: 7/7
  4743 | D:5      | Gained mutation: You are immune to the effects of steam.
                  | [Pale Draconian growth]
  4806 | D:5      | Reached skill level 6 in Axes
  5115 | D:5      | Reached XP level 8. HP: 70/70 MP: 8/8
  5220 | D:6      | Reached skill level 7 in Axes
  5334 | D:6      | Reached **** piety under Trog
  5733 | D:6      | Found a sparkling altar of Nemelex Xobeh.
  5967 | D:7      | Noticed a hornet
  5972 | D:7      | Paralysed by a hornet for 3 turns
  5977 | D:7      | Killed a hornet
  5978 | D:7      | Reached skill level 8 in Axes
  6106 | D:7      | Found a runed translucent gate.
  6106 | D:7      | Found a runed translucent gate.
  6106 | D:7      | Found a runed translucent gate.
  6108 | D:7      | Noticed SkeletonJelly's ghost (novice MiMo)
  6122 | D:7      | Found a staircase to the Ecumenical Temple.
  6143 | D:7      | Reached XP level 9. HP: 79/79 MP: 9/9
  6156 | D:7      | Found Siuk's Hydra Hut.
  6157 | D:7      | Noticed a four-headed hydra
  6178 | D:7      | Noticed a komodo dragon
  6190 | D:7      | Killed a komodo dragon
  6191 | D:7      | Reached skill level 5 in Dodging
  6259 | D:7      | Found a glowing silver altar of Zin.
  6259 | D:7      | Noticed Maggie
  6259 | D:7      | Found a shimmering blue altar of Sif Muna.
  6617 | D:7      | Reached skill level 9 in Axes
  6961 | D:8      | Reached ***** piety under Trog
  7025 | D:8      | Reached XP level 10. HP: 90/90 MP: 10/10
  7036 | D:8      | Noticed a cyclops
  7044 | D:8      | Killed a cyclops
  7319 | D:8      | Reached skill level 10 in Axes
  7570 | D:7      | Bought a +2 broad axe of flaming for 268 gold pieces
  7818 | D:9      | Reached skill level 5 in Shields
  7924 | D:9      | Noticed Harold
  7938 | D:9      | Killed Harold
  7947 | D:9      | Noticed Erolcha
  7951 | D:9      | HP: 3/92 [orc priest/divine providence (14)]
  7952 | D:9      | Mangled by a warg

Illustrated notes

Levels and vault maps discovered:
D:1:      lightli_arrival_statue_moat, layout_loops_ring, serial_shops,
          nicolae_shop_behind_doors, shop,
          hellmonk_ecumenical_altar_arch_garden, minmay_lizard_king
D:2:      layout_rooms, serial_shops, shop
D:3:      layout_loops_ring, mainiacjoe_overflow_catwalk, uniq_robin
D:4:      layout_layer_cave, mainiacjoe_overflow_alcove_2, uniq_blork_the_orc
D:5:      layout_cave_pools
D:6:      layout_loops_ring, nemelex_diamond_rough_becter, sigmund_army
D:7:      layout_layer_cave, mainiacjoe_overflow_catch_the_wave,
          minmay_temple_entry_hall, gammafunk_ghost_necromancy,
          doesnt_shop_hydraphobe, uniq_maggie
D:8:      nzn_winding_woodlands_medium [nzn_winding_woodlands_5x5_cross,
          nzn_winding_woodlands_5x15_pool,
          nzn_winding_woodlands_5x5_checkerboard,
          nzn_winding_woodlands_5x5_perimeter,
          nzn_winding_woodlands_center_diamonds,
          nzn_winding_woodlands_5x5_three, nzn_winding_woodlands_5x5_open_star,
          nzn_winding_woodlands_5x15_crooked,
          nzn_winding_woodlands_5x5_closed_star], layout_rooms
D:9:      layout_loops_ring, kennysheep_mini_moat, erik_lair_orcish_takeover,
          uniq_erolcha, uniq_harold

Skill      XL: |  1  2  3  4  5  6  7  8  9 10 |
---------------+-------------------------------+-----
Dodging        | 3 4 5 6 |  6.1
Fighting       | 4 5 6 7 8 9 |  9.7
Axes           | 4 5 6 8 9 10 | 10.6
Shields        | 1 2 3 4 5 |  5.3
Stealth        | 1 2 3 |  3.4

Action                   |  1- 3 |  4- 6 |  7- 9 | 10-12 || total
-------------------------+-------+-------+-------+-------++-------
Melee: Hand axe          |   115 |   109 |       |       ||   224
       Tailslap          |    14 |    26 |    45 |    17 ||   102
       War axe           |       |    21 |   244 |    82 ||   347
Invok: Berserk           |     3 |     3 |     2 |     3 ||    11
 Abil: Breathe Steam     |       |       |     1 |       ||     1
  Use: Scroll            |     1 |     2 |     2 |     2 ||     7
 Stab: Sleeping          |     1 |     2 |     5 |       ||     8
       Distracted        |       |       |     2 |       ||     2
Armor: Skin              |    33 |    34 |    84 |    11 ||   162
Dodge: Dodged            |    53 |    50 |   109 |    41 ||   253
Block: Kite shield       |     9 |    68 |   136 |    52 ||   265
